 Dungeon Crawl Stone Soup version 0.30.1-11-g7821555f0a (webtiles) character file.

Game seed: 1796058242501058600

210 porpoise the Shooter (level 5, 0/46 HPs)
             Began as a Minotaur Hexslinger on Dec 27, 2023.
             Was an Initiate of Hepliaklqana.
             Slain by an orc wizard
             ... wielding a +0 dagger of venom
              (2 damage)
             ... on level 4 of the Dungeon.
             The game lasted 00:08:41 (3549 turns).

porpoise the Shooter (Minotaur Hexslinger)          Turns: 3549, Time: 00:08:42

Health: 0/46       AC:  6    Str: 14    XL:     5   Next: 56%
Magic:  5/5        EV:  8    Int: 10    God:    Hepliaklqana [......]
Gold:   147        SH:  0    Dex: 13    Spells: 5/6 levels left

rFire   . . .        a - +0 flail
rCold   . . .        (no shield)
rNeg    . . .        g - +1 ring mail
rPois   .            (helmet restricted)
rElec   .            (no cloak)
rCorr   .            (no gloves)
SInv    .            (no boots)
Will    .....        l - amulet of reflection Stlth
                     (no ring)
HPRegen 0.27/turn    (no ring)
MPRegen 0.09/turn

%: reflection
@: confused, brilliant, lethally poisoned (0 -> -5), flying, constricted
A: horns 2, retaliatory headbutt
a: Renounce Religion


You were on level 4 of the Dungeon.
You worshipped Hepliaklqana.
Hepliaklqana was noncommittal.
You visited 1 branch of the dungeon, and saw 4 of its levels.

You collected 172 gold pieces.
You spent 25 gold pieces at shops.

Inventory:

Hand Weapons
 a - a +0 flail (weapon)
 b - a +1 sling
Missiles
 d - 2 boomerangs
 k - 5 datura-tipped darts
Armour
 g - a +1 ring mail (worn)
Jewellery
 l - an amulet of reflection (around neck)
Wands
 v - a wand of flame (23)
Scrolls
 c - a scroll of enchant armour
 e - 2 scrolls of poison
 m - a scroll of teleportation {unknown}
 q - 2 scrolls of fear
 r - a scroll of vulnerability {unknown}
 u - a scroll of amnesia
Potions
 f - 2 potions of might
 i - a potion of attraction {unknown}
 j - a potion of haste {unknown}
 n - a potion of degeneration {unknown}
 o - a potion of heal wounds {unknown}
 p - a potion of mutation {unknown}


   Skills:
 + Level 3.8 Fighting
 * Level 5.4 Ranged Weapons
 - Level 2.1 Dodging
 - Level 1.0 Spellcasting
 - Level 2.0 Hexes


You had 5 spell levels left.
You knew the following spells:

 Your Spells              Type           Power      Damage    Failure   Level
a - Slow                  Hex            24%        N/A       30%         1

Your spell library contained the following spells:

 Spells                   Type           Power      Damage    Failure   Level
 Apportation              Tloc           0%         N/A       56%         1
 Necrotise                Necr           0%         1d4       56%         1
 Summon Small Mammal      Summ           0%         N/A       56%         1
 Inner Flame              Hex/Fire       3%         N/A       80%         3
 Portal Projectile        Hex/Tloc       6%         N/A       80%         3
 Gell's Gravitas          Tloc           0%         N/A       91%         3
 Teleport Other           Tloc           0%         N/A       91%         3
 Cause Fear               Hex            3%         N/A       97%         4
 Dispersal                Tloc           0%         N/A       100%        6


Dungeon Overview and Level Annotations

Branches:
Dungeon (4/15)
 Temple: D:4-7

Altars:
Hepliaklqana

Shops:
D:1 ![(*


Innate Abilities, Weirdness & Mutations

You have a pair of horns on your head.
You reflexively headbutt those who attack you in melee.


Message History

You hear some strange, mumbled words.
You are confused.
The ball python closely misses you. The ball python constricts you.
* * * LOW HITPOINT WARNING * * *
You feel better. Something hits you. Something hits you but does no damage.
You are poisoned.
The ball python bites you but does no damage.
The ball python constricts you.
It was a potion of flight.
You feel very buoyant.
You fly up into the air.
You feel sick. You block the ball python's attack.
The ball python constricts you.
You hear some strange, mumbled words.
A puff of flame appears from out of thin air!
The puff of flame hits you!
* * * LOW HITPOINT WARNING * * *
You hear some strange, mumbled words.
A puff of flame appears from out of thin air!
The puff of flame hits you.
* * * LOW HITPOINT WARNING * * *
It was a potion of brilliance.
You feel clever all of a sudden.
You feel sick.
The ball python bites you but does no damage.
The ball python constricts you. You block something's attack.
Something hits you but does no damage.
You are lethally poisoned!
You closely miss something.
* * * LOW HITPOINT WARNING * * *
You feel very sick. The ball python barely misses you.
The ball python constricts you. Something hits you but does no damage.
You hear some strange, mumbled words.
You are confused.
The ball python bites you but does no damage.
The ball python constricts you.
You barely miss something. Your headbutt misses something.
* * * LOW HITPOINT WARNING * * *
You feel sick. Something hits you but does no damage. Something hits you.
You die...

####.###.#
#.......
#.###.##
........
#..#...#
....:....
#..#...#
#..#...#
#..#...# .
#..#...#
....##'#####...
#....@S......
#...{){......
#.....>......
#............
#............
#............
#............
#..........).


You could see a ball python.

Vanquished Creatures
  An orc priest (D:4)
  Robin (D:2)
  9 gnolls
  An adder (D:2)
  3 worms
  A dart slug (D:2)
  2 orcs (D:3)
  4 ball pythons
  4 bats
  2 endoplasms (D:1)
  2 giant cockroaches
  8 goblins
  9 hobgoblins
  2 jackals (D:2)
  4 kobolds (D:1)
  4 quokkas
  2 frilled lizards (D:1)
  3 rats (D:1)
62 creatures vanquished.

Notes
Turn   | Place    | Note
-------+----------+-------------------------------------------
     0 | D:1      | porpoise the Minotaur Hexslinger began the quest for the
                  | Orb.
     0 | D:1      | Reached XP level 1. HP: 16/16 MP: 1/1
    32 | D:1      | Found Icitoh Cun's Distillery.
   229 | D:1      | Found Qedytsut's Weapon Shoppe.
   300 | D:1      | Reached XP level 2. HP: 24/24 MP: 2/2
   397 | D:1      | Reached skill level 3 in Ranged Weapons
   485 | D:1      | Found a faded altar of an unknown god.
   860 | D:1      | Found Rixzyfec's Armour Shop.
   910 | D:1      | Found Rosuskygh's Assorted Antiques.
   919 | D:1      | Bought a blue potion for 25 gold pieces
  1044 | D:2      | Reached XP level 3. HP: 18/29 MP: 3/3
  1622 | D:2      | Noticed Robin
  1634 | D:2      | Killed Robin
  1635 | D:2      | Reached skill level 4 in Ranged Weapons
  1650 | D:2      | Reached XP level 4. HP: 31/37 MP: 4/4
  2437 | D:3      | Reached XP level 5. HP: 12/45 MP: 5/5
  2610 | D:3      | Reached skill level 5 in Ranged Weapons
  2916 | D:3      | Found a hazy altar of Hepliaklqana.
  2924 | D:3      | Became a worshipper of Hepliaklqana the Forgotten
  3549 | D:4      | HP: 2/46 [poisoned by an orc wizard]
  3549 | D:4      | Slain by an orc wizard

Illustrated notes

Levels and vault maps discovered:
D:1:      scummos_arrival_star, layout_basic, serial_shops, shop, shop,
          nicolae_shop_tiny_real_fake_doors, nicolae_diamond_shop,
          shapermc_ecumenical_altar_mp_urbaneastern,
          chequers_serial_rivers_micro_e, interstate_on_off
D:2:      layout_basic, uniq_robin
D:3:      layout_basic, nicolae_hepliaklqana_hazy_memory
D:4:      layout_gridville, serial_shops, shop, patterned_corridor

Skill      XL: |  1  2  3  4  5 |
---------------+----------------+-----
Ranged Weapons | 3 4 5 |  5.4
Fighting       | 2 3 |  3.8
Dodging        | |  2.1
Spellcasting   | |  1.0
Hexes          | |  2.0

Action                     |  1- 3 |  4- 6 || total
---------------------------+-------+-------++-------
  Melee: Spear             |    24 |       ||    24
         Headbutt          |     5 |     7 ||    12
         Flail             |    27 |    42 ||    69
         Punch             |       |     1 ||     1
   Fire: Sling             |    71 |    54 ||   125
    Use: Scroll            |       |     5 ||     5
         Potion            |       |     6 ||     6
 Armour: Robe              |     7 |       ||     7
         Ring mail         |    18 |    32 ||    50
  Dodge: Dodged            |    34 |    38 ||    72
  Block: Other             |     9 |    15 ||    24
